 Dungeon Crawl Stone Soup version 0.18.1-5-g4a78601 (webtiles) character file.

3707 oplop the Chiller (level 10, -6/99 HPs)
             Began as an Octopode Ice Elementalist on May 11, 2016.
             Was a Believer of Cheibriados.
             Mangled by Erica
             ... wielding a +4 scimitar of flaming
              (8 damage)
             ... on level 1 of the Lair of Beasts.
             The game lasted 00:33:52 (8676 turns).

oplop the Chiller (Octopode Ice Elementalist)       Turns: 8676, Time: 00:33:53

Health: -6/99      AC: 32    Str: 13    XL:     10   Next: 14%
Magic:  3/18       EV:  2    Int: 26    God:    Cheibriados [**....]
Gold:   325        SH:  0    Dex: 22    Spells: 6 memorised, 0 levels left

rFire  . . .     SeeInvis .     G - +1 spear (venom)
rCold  . . .     Gourm    .     (no shield)
rNeg   + + +     Faith    .     (helmet currently unavailable)
rPois  +         Spirit   .     q - +3 amulet of reflection
rElec  .         Dismiss  .     j - +2 ring of dexterity
rCorr  .         Reflect  +     d - ring of wizardry
SustAt .         Harm     .     r - ring of poison resistance
MR     .....     NoTele   +     Q - +3 ring of dexterity
Stlth  ++........               (no ring)
                                (no ring)
                                (no ring)
                                (no ring)

@: confused, lethally poisoned (-6 -> -10), icy armour, tree-form, very slow,
not resistant to hostile enchantments, unstealthy
A: almost no armour, (amphibious), 8 rings, (constrict 8), (iridescent scales
0), (camouflage 0), blink, (gelatinous body 0), no device heal 1, MP-powered
wands
a: Blink, Bend Time, Renounce Religion


You were on level 1 of the Lair of Beasts.
You worshipped Cheibriados.
Cheibriados was pleased with you.
You were not hungry.
You were a tree.
You visited 3 branches of the dungeon, and saw 11 of its levels.

You collected 448 gold pieces.
You spent 123 gold pieces at shops.

Inventory:

Hand Weapons
 h - a +1 dagger
 y - the +9 short sword of Gozag's Esteem {pierce, +Blink rElec Dex+6}
   (You took it off a crimson imp on level 6 of the Dungeon)

   It inflicts extra damage upon your enemies.
   It affects your dexterity (+6).
   It insulates you from electricity.
   It lets you blink.
 G - a +1 spear of venom (weapon)
Armour
 i - a +2 shield of reflection
 p - a +0 buckler
Jewellery
 c - an uncursed ring of fire
 d - a ring of wizardry (right branch)
 j - a +2 ring of dexterity (left branch)
 q - a +3 amulet of reflection (around neck)
 r - a ring of poison resistance (on tentacle)
 N - an uncursed amulet of faith {unknown}
 Q - a +3 ring of dexterity (on tentacle)
Wands
 v - a wand of teleportation (4/9)
 x - a wand of disintegration (7/24)
 L - a wand of flame (19/48)
Scrolls
 f - 3 scrolls of teleportation
 l - a scroll of immolation
 n - a scroll of blinking
 s - 2 scrolls of amnesia
 t - 2 scrolls of remove curse
 C - a scroll of fear
 D - a scroll of recharging
 E - 2 scrolls of enchant weapon
 O - a scroll of enchant armour
Potions
 e - a potion of invisibility
 k - a potion of haste
 m - 2 potions of lignification
 o - 3 potions of brilliance
 u - a potion of cancellation
 F - a potion of berserk rage {unknown}
 H - a potion of flight {unknown}
Books
 a - a book of Frost

   Spells                             Type                      Level
   a - Freeze                         Ice                          1
   b - Throw Frost                    Conjuration/Ice              2
   c - Ozocubu's Armour               Charms/Ice                   3
   d - Throw Icicle                   Conjuration/Ice              4
   e - Summon Ice Beast               Ice/Summoning                4
 B - a book of Alchemy

   Spells                             Type                      Level
   a - Sublimation of Blood           Necromancy                   2
   b - Ignite Poison                  Fire/Transmutation/Poison    3
   c - Petrify                        Transmutation/Earth          4
   d - Alistair's Intoxication        Transmutation/Poison         5
   e - Irradiate                      Conjuration/Transmutation    5
 M - a book of Debilitation

   Spells                             Type                      Level
   a - Corona                         Hexes                        1
   b - Slow                           Hexes                        2
   c - Gell's Gravitas                Hexes/Translocation          3
   d - Inner Flame                    Hexes/Fire                   3
   e - Cause Fear                     Hexes                        4
   f - Leda's Liquefaction            Hexes/Earth                  4
 R - a book of Clouds

   Spells                             Type                      Level
   a - Mephitic Cloud                 Conjuration/Poison/Air       3
   b - Conjure Flame                  Conjuration/Fire             3
   c - Poisonous Cloud                Conjuration/Poison/Air       6
   d - Freezing Cloud                 Conjuration/Ice/Air          6
   e - Ring of Flames                 Charms/Fire                  7
Comestibles
 b - 8 bread rations
 g - a royal jelly
 J - 6 beef jerkies
 K - 3 meat rations


   Skills:
 + Level 5.0 Fighting
 + Level 4.3 Dodging
 - Level 2.6 Stealth
 - Level 4.0 Shields
 + Level 5.9 Spellcasting
 * Level 3.5 Conjurations
 - Level 3.9 Summonings
 * Level 6.8 Ice Magic
 * Level 1.4 Air Magic
 - Level 6.2 Invocations


You couldn't memorise any spells.
You knew the following spells:

 Your Spells              Type           Power        Failure   Level  Hunger
a - Freeze                Ice            ####         1%          1    None
b - Throw Frost           Conj/Ice       ####..       1%          2    None
c - Ozocubu's Armour      Chrm/Ice       ####....     3%          3    None
d - Summon Ice Beast      Ice/Summ       #####...     4%          4    ###....
e - Throw Icicle          Conj/Ice       ####....     4%          4    ###....
f - Freezing Cloud        Conj/Ice/Air   ####......   90%         6    ######.


Dungeon Overview and Level Annotations

Branches:
Dungeon (9/15)             Temple (1/1) D:4            Lair (1/8) D:8
    Orc: D:9-12

Altars:
Ashenzari
Cheibriados
Dithmenos
Elyvilon
Fedhas
Gozag
Kikubaaqudgha
Makhleb
Nemelex Xobeh
Okawaru
Pakellas
Qazlal
Ru
Sif Muna
Trog
Vehumet
Xom
Yredelemnul
Zin
The Shining One

Shops:
D:4 ?   D:8 =

Annotations:
D:4 Natasha
D:5 1 exclusion, Crazy Yiuf; CrazyArbalest's ghost, novice MiHu
D:7 exclusion: door
Lair:1 Erica


Innate Abilities, Weirdness & Mutations

You cannot wear most types of armour.
((You are amphibious.))
You can wear up to eight rings at the same time.
((You can use your tentacles to constrict eight enemies at once.))
((Your skin changes colour to match your surroundings (Stealth).))
((Your rubbery body absorbs attacks (AC +1).))
((You are partially covered in iridescent scales (AC +4).))
You can translocate small distances at will.
Potions and wands are less effective at restoring your health.
You expend magic power (3 MP) to strengthen your wands.


Message History

You feel sick.
You hear a zap.
A bolt of lightning appears from out of thin air!
Helpless, you fail to dodge the bolt of lightning.
* * * LOW HITPOINT WARNING * * *
* * * LOW HITPOINT WARNING * * *
You feel sick.
You hear some strange, mumbled words.
You are more confused.
Unknown command.
You cannot move. (Use ctrl+direction to attack without moving.) Unknown command.
You cannot move. (Use ctrl+direction to attack without moving.) Unknown command.
You cannot move. (Use ctrl+direction to attack without moving.)
You cannot move. (Use ctrl+direction to attack without moving.)
You cannot move. (Use ctrl+direction to attack without moving.)
Your ice beast disappears in a puff of smoke!
Something hits you!
You die...

.........................
.#########....###.+####..
##..#........#
#...#........#
##...........#
#..#........#
#...........#
#...........#
#....♣#+.#.....
......Y{§.........
..................
..................
..................
................
####...##.###.# #... ##
##


You could see a friendly ice beast.

Vanquished Creatures
  A spiny frog (Lair:1)
  Sigmund (D:4)
  3 yaks (D:9)
  3 ice beasts
  5 sky beasts
  A necrophage (D:7)
  2 ogres (D:7)
  2 giant frogs
  2 scorpions
  A howler monkey (D:4)
  A crimson imp (D:6)
  A giant frog zombie (D:7)
  A centaur zombie (D:8)
  An orc priest (D:4)
  A giant frog skeleton (D:8)
  An orc wizard (D:4)
  Natasha (D:4)
  4 iguanas
  4 worker ants
  A hound skeleton (D:7)
  7 adders
  A shadow imp (D:5)
  2 oozes
  2 adder skeletons
  A worm (D:3)
  A dart slug (D:1)
  9 giant geckos
  3 orcs
  13 giant cockroaches
  6 goblins
  9 hobgoblins
  8 jackals
  9 kobolds
  5 quokkas
  4 ball pythons
  8 bats
  5 giant newts
  9 rats
  A fungus (D:5)
140 creatures vanquished.

Vanquished Creatures (collateral kills)
  A yak (D:9)
  A hippogriff (Lair:1)
  Edmund (D:4)
  A porcupine (Lair:1)
  2 black bears
  An orc warrior (D:8)
  The ghost of varam the Ruffian, an amateur MiMo (D:3)
  5 ogres
  4 centaurs
  A giant frog (D:6)
  A centaur zombie (D:6)
  2 jellies (D:7)
  A quasit (D:6)
  A centaur skeleton (D:4)
  An orc wizard (D:8)
  An iguana (D:7)
  A worker ant (D:4)
  A worker ant zombie (D:7)
  4 gnolls (D:6)
  A worm (D:4)
  2 orcs (D:8)
  4 jackals
38 creatures vanquished.

Vanquished Creatures (others)
  A bush (D:9)
1 creature vanquished.

Grand Total: 179 creatures vanquished

Notes
Turn   | Place    | Note
--------------------------------------------------------------
     0 | D:1      | oplop the Octopode Ice Elementalist began the quest for the Orb.
     0 | D:1      | Reached XP level 1. HP: 11/11 MP: 3/3
   449 | D:1      | Reached XP level 2. HP: 17/17 MP: 5/5
   881 | D:1      | Reached XP level 3. HP: 13/21 MP: 4/6
  1273 | D:2      | Found a shimmering altar of Xom.
  1839 | D:2      | Learned a level 2 spell: Throw Frost
  1963 | D:3      | Reached XP level 4. HP: 27/27 MP: 8/8
  2086 | D:3      | Found a glowing drain.
  2231 | D:3      | Learned a level 3 spell: Ozocubu's Armour
  2239 | D:3      | Reached skill level 1 in Fighting
  2285 | D:3      | Noticed varam's ghost (amateur MiMo)
  2693 | D:3      | Found a bloodstained altar of Trog.
  2740 | D:4      | Noticed Edmund
  3062 | D:4      | Reached XP level 5. HP: 33/33 MP: 10/10
  3107 | D:4      | Found a burning altar of Makhleb.
  3132 | D:4      | Noticed Sigmund
  3159 | D:4      | Killed Sigmund
  3159 | D:4      | Reached XP level 6. HP: 9/39 MP: 6/12
  3382 | D:4      | Found a basalt altar of Yredelemnul.
  3417 | D:4      | Found Zokat's Magic Scroll Emporium.
  3420 | D:4      | Bought a scroll of blinking for 97 gold pieces
  3420 | D:4      | Bought a scroll of identify for 26 gold pieces
  3437 | D:4      | Learned a level 4 spell: Summon Ice Beast
  3447 | D:4      | Noticed Natasha
  3453 | D:4      | Killed Natasha
  3478 | D:5      | Entered Level 5 of the Dungeon
  3491 | D:5      | Reached skill level 5 in Ice Magic
  3535 | D:5      | Found a sacrificial altar of Ru.
  3544 | D:5      | Noticed CrazyArbalest's ghost (novice MiHu)
  3719 | D:5      | Noticed a sky beast
  3882 | D:5      | Found a deep blue altar of Sif Muna.
  4078 | D:5      | Found an oddly glowing altar of Pakellas.
  4305 | D:6      | Reached skill level 1 in Summonings
  4600 | D:6      | Reached XP level 7. HP: 45/45 MP: 2/13
  4895 | D:6      | Learned a level 4 spell: Throw Icicle
  4965 | D:6      | Got a polished short sword {pierce}
  4971 | D:6      | Identified the +9 short sword of Gozag's Esteem {pierce, +Blink rElec Dex+6} (You took it off a crimson imp on level 6 of the Dungeon)
  5252 | D:4      | Found a blossoming altar of Fedhas.
  5320 | D:4      | Noticed Natasha
  5370 | D:4      | Found a staircase to the Ecumenical Temple.
  5407 | D:4      | Killed Edmund
  5407 | D:4      | Reached skill level 5 in Spellcasting
  5480 | Temple   | Entered the Ecumenical Temple
  5669 | D:4      | Reached XP level 8. HP: 51/51 MP: 15/15
  5832 | D:3      | Killed varam's ghost
  5886 | D:5      | Noticed Crazy Yiuf
  6303 | D:7      | Found a snail-covered altar of Cheibriados.
  6308 | D:7      | Became a worshipper of Cheibriados the Contemplative
  6380 | D:7      | Found a shattered altar of Ashenzari.
  6394 | D:7      | Reached skill level 1 in Invocations
  6466 | D:7      | Found a white marble altar of Elyvilon.
  6469 | D:7      | Found a radiant altar of Vehumet.
  6473 | D:7      | Found an iron altar of Okawaru.
  6628 | D:7      | Found a shadowy altar of Dithmenos.
  6780 | D:7      | Reached * piety under Cheibriados
  6780 | D:7      | Reached XP level 9. HP: 57/57 MP: 9/17
  6963 | D:7      | Gained mutation: Potions and wands are less effective at restoring your health. [mutagenic meat]
  6964 | D:7      | Gained mutation: You are frail (-10% HP). [mutagenic meat]
  6965 | D:7      | Gained mutation: You can translocate small distances at will. [mutagenic meat]
  6966 | D:7      | Gained mutation: You expend magic power (3 MP) to strengthen your wands. [mutagenic meat]
  6967 | D:7      | Lost mutation: You are frail (-10% HP). [mutagenic meat]
  7144 | D:8      | Reached skill level 1 in Shields
  7418 | D:8      | Found a glowing golden altar of the Shining One.
  7550 | D:8      | Found Plog's Jewellery Boutique.
  7620 | D:8      | Found a staircase to the Lair.
  7692 | D:9      | Reached ** piety under Cheibriados
  7814 | D:9      | Reached skill level 5 in Invocations
  8378 | D:9      | Reached XP level 10. HP: 44/65 MP: 10/18
  8423 | D:9      | Learned a level 6 spell: Freezing Cloud
  8472 | Lair:1   | Entered Level 1 of the Lair of Beasts
  8526 | Lair:1   | Noticed a spiny frog
  8534 | Lair:1   | Killed a spiny frog
  8534 | Lair:1   | Reached skill level 5 in Fighting
  8534 | Lair:1   | Reached skill level 1 in Air Magic
  8656 | Lair:1   | Noticed Erica
  8672 | Lair:1   | Gained mutation: You are partially covered in iridescent scales (AC +4). [potion of beneficial mutation]
  8674 | Lair:1   | HP: 3/99 [something/wand of lightning (9)]
  8676 | Lair:1   | Mangled by Erica

Skill      XL: |  1  2  3  4  5  6  7  8  9 10 |
---------------+-------------------------------+-----
Ice Magic      | 4 5 6 |  6.8
Spellcasting   | 3 4 5 |  5.9
Fighting       | 1 2 3 4 5 |  5.0
Summonings     | 1 3 |  3.9
Conjurations   | 2 3 |  3.5
Invocations    | 3 6 |  6.2
Dodging        | 4 |  4.3
Shields        | 4 |  4.0
Air Magic      | 1 |  1.4
Stealth        | |  2.6

Action                   |  1- 3 |  4- 6 |  7- 9 | 10-12 || total
-------------------------+-------+-------+-------+-------++-------
Melee: Unarmed           |    34 |       |       |       ||    34
       Constrict         |    19 |    16 |    17 |       ||    52
       Tentacles         |     9 |    11 |     8 |       ||    28
       Dagger            |    29 |    79 |     7 |       ||   115
       Short sword       |       |       |    77 |       ||    77
       Spear             |       |       |    17 |     4 ||    21
 Cast: Freeze            |    28 |    36 |    32 |     2 ||    98
       Throw Frost       |       |     2 |     5 |     1 ||     8
       Summon Ice Beast  |       |     6 |    29 |     6 ||    41
       Throw Icicle      |       |       |    18 |       ||    18
       Ozocubu's Armour  |       |       |     5 |     1 ||     6
Evoke: Wand              |       |       |     2 |     3 ||     5
  Use: Scroll            |       |    11 |     9 |     4 ||    24
       Potion            |       |     5 |     2 |     3 ||    10
 Stab: Sleeping          |    11 |    16 |    14 |       ||    41
       Distracted        |       |       |     3 |       ||     3
  Eat: Chunk             |     3 |     9 |    15 |     1 ||    28
       Meat ration       |       |       |     1 |       ||     1
       Pizza             |       |       |     1 |       ||     1
Armor: Skin              |    10 |     6 |    19 |     6 ||    41
Dodge: Dodged            |    50 |    66 |    70 |     3 ||   189
Block: Other             |       |       |     6 |       ||     6
